 Dungeon Crawl Stone Soup version 0.17-a0-1-g1f4be75 (console) character file.

271 MarvinPA the Grave Robber (level 6, 0/41 HPs)
             Began as a Mummy Necromancer on Mar 4, 2015.
             Slain by a worker ant (3 damage)
             ... on level 3 of the Dungeon.
             The game lasted 00:06:29 (4250 turns).

MarvinPA the Grave Robber (Mummy Necromancer)       Turns: 4250, Time: 00:06:29

Health: 0/41       AC:  3    Str: 11    XL:     6   Next: 2%
Magic:  9/15       EV: 11    Int: 16    God:
Gold:   132        SH:  0    Dex: 12    Spells: 3 memorised, 5 levels left

rFire  x . .     SeeInvis .     a - +3 dagger (venom)
rCold  + . .     Clarity  .     k - -1 leather armour (curse)
rNeg   + + +     SustAb   .     (no shield)
rPois  ∞         Gourm    .     e - +0 helmet
rElec  .         Spirit   .     (no cloak)
rCorr  .         Warding  .     (no gloves)
rMut   .         Stasis   .     (no boots)
MR     .....                    (no amulet)
Stlth  +.........               (no ring)
                                (no ring)

@: not resistant to hostile enchantments, very unstealthy
A: no food or potions, fire vulnerability, restore body, cold resistance 1,
negative energy resistance 3, poison resistance, torment resistance, unbreathing
a: no special abilities


You were on level 3 of the Dungeon.
You were not hungry.

You visited 1 branch of the dungeon, and saw 4 of its levels.

You collected 132 gold pieces.


Innate Abilities, Weirdness & Mutations

You do not eat or drink.
Your flesh is vulnerable to fire.
Your flesh is cold resistant.
You are immune to negative energy.
Your system is resistant to poisons.
You are immune to unholy pain and torment.
You can survive without breathing.


   Skills:
 - Level 1.5 Dodging
 - Level 1.5 Stealth
 + Level 4.4 Spellcasting
 + Level 5.8 Necromancy


You had 5 spell levels left.
You knew the following spells:

 Your Spells              Type           Power        Failure   Level  Hunger
x - Vampiric Draining     Necr           ###.......   10%         3    N/A
z - Pain                  Necr           ###.         1%          1    N/A
Z - Control Undead        Necr           ###.......   24%         4    N/A

Inventory:

Hand weapons
 a - a +3 dagger of venom (weapon)
Armour
 e - a +0 helmet (worn)
 h - a +0 robe
 k - a cursed -1 leather armour (worn)
Magical devices
 j - a wand of polymorph (16)
Scrolls
 c - 2 scrolls of identify {@r1}
 d - 2 scrolls of enchant armour
Books
 b - a book of Necromancy

Dungeon Overview and Level Annotations

Branches:
Dungeon (4/15)
 Temple: D:4-7

Altars:
The Shining One

.# .# ######## .#
#......# .#
#.####.# .# ##.##
#.# .# ##...###.#
.# ##.....#..#
.########)....÷)B##
...............)M#
.########...%.÷..##
.# ##........## .#
##......>.##### .#
####.........# .###
#.....###.# ...#
#....## #.#
##.###### #.#.##
#.# #......# #.#..#
#.#


You could see a worker ant.


Message History

You see here a short sword.
You start resting.
Magic restored.
You start resting.
HP restored.
There is a stone staircase leading down here.
You climb downwards.
The worker ant bites you.
The orc priest calls down the wrath of Beogh upon you.
Something smites you! The orc hits you with a short sword.
There is a stone staircase leading up here.
The worker ant bites you.
* * * LOW HITPOINT WARNING * * *
The orc priest hits you from afar with a trident!
* * * LOW HITPOINT WARNING * * *
The orc hits you but does no damage. The worker ant bites you.
* * * LOW HITPOINT WARNING * * *
You climb upwards.
There is a stone staircase leading down here.
Cast which spell?
Aiming: Vampiric Draining
Aim: an orc, wielding a short sword The orc is almost dead.
You feel life coursing into your body. The worker ant bites you.
* * * LOW HITPOINT WARNING * * *
The orc barely misses you.
Cast which spell?
Aiming: Vampiric Draining
Aim: an orc, wielding a short sword (almost dead)
You kill the orc!
The worker ant bites you.
You die...

Action                   |  1- 3 |  4- 6 || total
-------------------------+-------+-------++-------
Melee: Unarmed           |     8 |       ||     8
       Dagger            |     5 |    63 ||    68
 Cast: Pain              |    68 |    68 ||   136
       Vampiric Draining |       |    17 ||    17
       Control Undead    |       |     9 ||     9
  Use: Scroll            |       |     4 ||     4

Vault maps used:
D:1:      matt_arrival_spirals
D:2:      uniq_jessica
D:3:      minmay_misc_feat_nine_boxes
D:4:      nicolae_tso_swordbearing_angel, cheibriados_altar_1, first_bread

Notes
Turn   | Place    | Note
--------------------------------------------------------------
     0 | D:1      | MarvinPA, the Mummy Necromancer, began the quest for the Orb.
     0 | D:1      | Reached XP level 1. HP: 13/13 MP: 3/3
   307 | D:1      | Reached XP level 2. HP: 19/19 MP: 0/4
  1156 | D:2      | Reached XP level 3. HP: 24/24 MP: 2/6
  1195 | D:2      | Learned a level 3 spell: Vampiric Draining
  1271 | D:2      | Noticed Jessica
  1276 | D:2      | Killed Jessica
  1414 | D:2      | Reached skill level 3 in Spellcasting
  1780 | D:2      | Reached XP level 4. HP: 23/30 MP: 3/9
  2087 | D:2      | Reached skill level 5 in Necromancy
  2437 | D:3      | Learned a level 4 spell: Control Undead
  2690 | D:3      | Reached XP level 5. HP: 15/35 MP: 2/12
  3058 | D:3      | Reached skill level 4 in Spellcasting
  3807 | D:4      | Found a glowing golden altar of the Shining One.
  4190 | D:3      | Reached XP level 6. HP: 37/41 MP: 10/15
  4249 | D:3      | HP: 3/41 [worker ant (5)]
  4250 | D:3      | Slain by a worker ant

Vanquished Creatures
  4 wights (D:3)
  A hound (D:4)
  An orc wizard (D:3)
  Jessica (D:2)
  5 adders
  3 worms
  3 giant geckos
  An ooze (D:2)
  17 orcs
  4 giant cockroaches
  8 hobgoblins
  7 jackals
  13 kobolds
  3 ball pythons
  7 bats
  2 giant newts
  10 goblins
  7 rats
97 creatures vanquished.
